 Dungeon Crawl Stone Soup version 0.31.0-11-ge490571c62 (webtiles) character file.

Game seed: 3786518004467815908

44 browni3141 the Slasher (level 3, 0/30 HPs)
             Began as a Barachi Monk on Feb 3, 2024.
             Was a Believer of Kikubaaqudgha.
             Succumbed to a scorpion's poison
             ... on level 4 of the Dungeon.
             The game lasted 00:05:39 (710 turns).

browni3141 the Slasher (Barachi Monk)                Turns: 710, Time: 00:05:39

Health: 0/30       AC:  6    Str: 12    XL:     3   Next: 60%
Magic:  3/3        EV: 11    Int: 12    God:    Kikubaaqudgha [**....]
Gold:   164        SH:  0    Dex: 14    Spells: 3/3 levels left

rFire   + . .        a - +0 falchion
rCold   . . .        d - orb {light}
rNeg    . . .        m - +1 ring mail {rF+}
rPois   .            (no helmet)
rElec   .            (no cloak)
rCorr   .            (no gloves)
SInv    .            (no boots)
Will    .....        o - amulet of guardian spirit
Stlth   +            (no ring)
HPRegen 0.25/turn    (no ring)
MPRegen 0.08/turn

%: guardian spirit
@: lethally poisoned (0 -> -9), glowing, slow
A: amphibious, slowness 1, strong legs 1, +LOS
a: Hop, Renounce Religion, Unearth Wretches


You were on level 4 of the Dungeon.
You worshipped Kikubaaqudgha.
Kikubaaqudgha was pleased with you.
You visited 2 branches of the dungeon, and saw 5 of its levels.

You collected 164 gold pieces.

Inventory:

Hand Weapons
 a - a +0 falchion (weapon)
Missiles
 k - 6 poisoned darts
Armour
 b - a +0 robe
 d - an orb of light (worn)
 i - a +0 scale mail
 m - a +1 ring mail of fire resistance (worn)
 p - the +2 robe of Indomitability {rElec rF+}
   (You found it on level 4 of the Dungeon)

   rF+:       It protects you from fire.
   rElec:     It insulates you from electricity.
Jewellery
 o - an amulet of guardian spirit (around neck)
Wands
 q - a wand of polymorph (7)
Scrolls
 f - 2 scrolls of identify {unknown}
 h - a scroll of teleportation {unknown}
 j - a scroll of amnesia {unknown}
 l - a scroll of vulnerability {unknown}
 n - 2 scrolls of noise {unknown}
Potions
 c - a potion of ambrosia
 e - a potion of curing {unknown}
 g - 2 potions of magic


   Skills:
 + Level 4.1 Fighting
 * Level 4.2 Long Blades
 + Level 0.5 Armour
 + Level 3.7 Dodging
 + Level 0.6 Spellcasting
 + Level 0.3 Necromancy


You had 3 spell levels left.
You didn't know any spells.
Your spell library contained the following spells:

 Spells                   Type           Power      Damage    Failure   Level
 Kiss of Death            Conj/Necr      0%         2d5       56%         1
 Sublimation of Blood     Necr           1%         N/A       67%         2
 Fugue of the Fallen      Necr           1%         N/A       88%         3
 Vampiric Draining        Necr           1%         2d6       88%         3


Dungeon Overview and Level Annotations

Branches:
Dungeon (4/15)             Temple (1/1) D:4

Altars:
Ashenzari
Cheibriados
Dithmenos
Elyvilon
Fedhas
Gozag
Hepliaklqana
Kikubaaqudgha
Makhleb
Nemelex Xobeh
Okawaru
Qazlal
Ru
Sif Muna
Trog
Uskayaw
Xom
Yredelemnul
Zin
The Shining One


Innate Abilities, Weirdness & Mutations

You are amphibious.
You cover ground slowly.
You can hop short distances.
You have an extended range of vision and can be seen from far away.


Message History

There is a stone staircase leading up here.
A scorpion comes into view.
A scorpion comes into view.
The scorpion moves out of view.
Aiming: Polymorph
Press: ? - help, Shift-Dir - straight line, f - scorpion
Aim: a scorpion (will become a goblin, a ribbon worm, or a frilled lizard, chance to affect: 49%)
The scorpion resists with some effort.
Aiming: Polymorph
Press: ? - help, Shift-Dir - straight line, f/p - scorpion
Aim: a scorpion (haloed, will become a goblin, a ribbon worm, or a frilled lizard, chance to affect: 49%)
The scorpion evaporates and reforms as a ribbon worm!
You hit the ribbon worm.
The ribbon worm is moderately wounded.
The ribbon worm bites you but does no damage.
You hit the ribbon worm.
The ribbon worm is moderately wounded.
The ribbon worm barely misses you.
You hit the ribbon worm.
The ribbon worm is heavily wounded.
The ribbon worm closely misses you.
You hit the ribbon worm.
The ribbon worm is severely wounded.
The ribbon worm barely misses you.
You hit the ribbon worm.
The ribbon worm is almost dead.
The ribbon worm expels a string of sticky webbing.
The stream of webbing misses you.
You slash the ribbon worm!
You kill the ribbon worm!
Kikubaaqudgha accepts your kill.
The scorpion returns to its original shape as it dies.
Aiming: Polymorph
Press: ? - help, Shift-Dir - straight line, f - scorpion
Aim: a scorpion (haloed, will become a boggart, a crocodile, or a centaur, chance to affect: 49%)
Okay, then.
Unknown command.
Unknown command.
You hit the scorpion.
The scorpion is moderately wounded.
The scorpion stings you.
You are poisoned.
The scorpion poisons you!
You barely miss the scorpion.
The scorpion is moderately wounded.
You feel sick. The scorpion misses you.
You hit the scorpion.
The scorpion is moderately wounded.
You feel sick.
The scorpion stings you but does no damage.
The scorpion stings you.
You are more poisoned.
The scorpion poisons you!
You hit the scorpion but do no damage.
The scorpion is moderately wounded.
You feel very sick. The scorpion misses you.
You hit the scorpion.
The scorpion is heavily wounded.
You feel sick. The scorpion barely misses you.
You completely miss the scorpion.
The scorpion is heavily wounded.
You feel sick.
The scorpion stings you but does no damage.
The scorpion barely misses you.
You barely miss the scorpion.
The scorpion is heavily wounded.
You feel sick. The scorpion barely misses you.
You hit the scorpion but do no damage.
The scorpion is heavily wounded.
You feel sick.
The scorpion stings you but does no damage.
You hit the scorpion.
The scorpion is severely wounded.
You feel sick. The scorpion barely misses you. The scorpion stings you.
You are lethally poisoned!
The scorpion poisons you!
You are confused.
You feel invigorated.
You feel very sick. The scorpion closely misses you.
You feel sick. The scorpion attacks as it pursues you!
The scorpion stings you but does no damage.
You hit the scorpion.
The scorpion is almost dead.
You feel sick. The scorpion stings you.
You are lethally poisoned!
The scorpion poisons you!
The scorpion stings you but does no damage.
You feel less invigorated.
You feel less confused.
You feel very sick. The scorpion stings you.
You barely miss the scorpion.
The scorpion is almost dead.
You feel very sick.
The scorpion stings you but does no damage. x2
It was a potion of magic.
Magic courses through your body.
You die...
Kikubaaqudgha rasps: "You have failed me!
Welcome... death!"

#.................#
##...............#
##..............#
#.............##
##...........##
#...........#
##.......#..##
##....####..##
##.### ##@s# ###
##.†.......
##.......# #.....##
......# ..#...#
##...( ... ..


You could see a scorpion.

Vanquished Creatures
  An adder (D:3)
  A ribbon worm (D:4)
  A bat (D:2)
  An endoplasm (D:1)
  A giant cockroach (D:4)
  4 hobgoblins
  8 jackals
  A quokka (D:1)
  4 ball pythons
  2 frilled lizards
  A goblin (D:3)
  2 kobolds (D:1)
  3 rats
30 creatures vanquished.

Notes
Turn   | Place    | Note
-------+----------+-------------------------------------------
     0 | D:1      | browni3141 the Barachi Monk began the quest for the Orb.
     0 | D:1      | Reached XP level 1. HP: 18/18 MP: 1/1
   114 | D:1      | Reached XP level 2. HP: 25/25 MP: 2/2
   358 | D:3      | Reached XP level 3. HP: 28/30 MP: 3/3
   431 | D:4      | Identified the +2 robe of Indomitability {rElec rF+}
   538 | D:4      | Found a staircase to the Ecumenical Temple.
   546 | Temple   | Entered the Ecumenical Temple
   569 | Temple   | Became a worshipper of Kikubaaqudgha
   569 | Temple   | Reached * piety under Kikubaaqudgha
   569 | Temple   | Received a gift from Kikubaaqudgha
   569 | Temple   | Reached ** piety under Kikubaaqudgha
   685 | D:4      | Noticed a scorpion
   686 | D:4      | Noticed a scorpion
   688 | D:4      | a scorpion changed into a ribbon worm
   710 | D:4      | Succumbed to a scorpion's poison

Illustrated notes

Levels and vault maps discovered:
D:1:      sevenhm_arrival_forest_fort_large_4, layout_basic
D:2:      layout_basic, minmay_pentomino_q2
D:3:      layout_rooms, minmay_misc_feat_iff, small_statue_intersection
D:4:      layout_cave_pods, minmay_temple_entry_glassed_door,
          nicolae_figureground_pulse
Temple:   nicolae_temple_bog_church

Skill      XL: |  1  2 |
---------------+-------+-----
Fighting       | 4 |  4.1
Long Blades    | 4 |  4.2
Armour         | |  0.5
Dodging        | |  3.7
Spellcasting   | |  0.6
Necromancy     | |  0.3

Action                     || total
---------------------------++-------
  Melee: Falchion          ||    91
         Unarmed           ||     9
Ability: Hop               ||     5
  Evoke: Wand              ||     2
    Use: Potion            ||     2
 Armour: Robe              ||    12
         Ring mail         ||    36
         Scale mail        ||     2
         Skin              ||     5
  Dodge: Dodged            ||    86
